Map: Year Zero LE

Players

SortOf - Winner!

  • Race: Zerg Zerg
  • Spawn Location: 1:00

Cloudy

  • Race: Protoss Protoss
  • Spawn Location: 11:00

Event: 2019 WCS Spring

VOD

Have the link to the VOD?

Description

Time

  • Played on: May 18, 2019, 8:13 a.m.
  • Length: 13:00

All games in this series

Show
View Real Time Build Order
Export as new Build Order

SortOf Zerg - Winner!

Build Orders: Hatch First 

Get SALT Encoding   

  12  0:00  Drone  
  13  0:13  Overlord  
  13  0:18  Drone  
  14  0:32  Drone x2  
  16  0:49  Hatchery  
  15  0:52  Drone  
  15  0:56  Drone  
  17  0:59  Drone  
  18  1:10  Extractor  
  17  1:15  Spawning Pool  
  17  1:18  Drone  
  17  1:21  Drone  
  18  1:29  Drone  
  19  1:39  Drone  
  20  1:52  Hatchery  
  19  1:57  Drone  
  20  2:02  Queen  
  20  2:05  Zergling x2  
  23  2:13  Overlord  
  23  2:20  Drone x2  
  25  2:23  Drone  
  25  2:28  Drone  
  27  2:30  Metabolic Boost  
  27  2:36  Drone x2  
  29  2:43  Zergling x2  
  30  2:47  Queen  
  32  2:54  Queen  
  34  2:59  Overlord  
  34  3:01  Drone  
  34  3:04  Drone  
  36  3:07  Drone  
  36  3:10  Drone  
  38  3:14  Drone x2  
  39  3:21  Spore Crawler  
  39  3:22  Zergling x2  
  39  3:27  Spore Crawler, Drone x2  
  39  3:28  Drone  
  39  3:33  Drone  
  40  3:36  Drone  
  41  3:43  Overlord  
  41  3:44  Overlord  
  41  3:51  Drone  
  42  4:01  Overlord  
  42  4:02  Drone x6  
  48  4:05  Evolution Chamber  
  48  4:07  Drone x3  
  48  4:09  Spore Crawler  
  49  4:13  Drone  
  50  4:17  Queen  
  50  4:22  Drone x2  
  50  4:23  Drone x2  
  56  4:30  Drone x2  
  58  4:38  Drone x2  
  58  4:39  Drone x2  
  58  4:41  Zerg Melee Weapons Level 1  
  58  4:42  Lair  
  58  4:44  Baneling Nest  
  58  4:45  Drone x2  
  61  4:47  Zergling x4  
  61  4:48  Zergling x2  
  61  4:49  Zergling x2  
  65  4:54  Drone  
  65  4:55  Overlord  
  66  5:01  Overlord  
  66  5:04  Spine Crawler  
  65  5:12  Overlord  
  65  5:13  Queen x2  
  69  5:19  Drone  
  69  5:20  Drone x7  
  75  5:24  Drone  
  75  5:31  Drone x3  
  75  5:34  Extractor x2  
  76  5:37  Extractor, Zergling x12  
  81  5:45  Zergling x4  
  79  5:53  Baneling x7  
  79  5:54  Queen, Zergling x2  
  79  5:55  Queen  
  83  6:02  Zergling x2  
  83  6:03  Zergling x10  
  78  6:11  Zergling x8  
  78  6:13  Zergling x2  
  78  6:15  Zergling x2  
  78  6:18  Zergling x2  
  74  6:24  Zergling x4  
  66  6:29  Zergling x2  
  61  6:39  Zergling x4  
  56  6:42  Zergling x4  
  55  6:48  Zergling x8  
  59  6:56  Zergling x4  
  59  7:00  Zergling x2  
  59  7:01  Zergling x2  
  57  7:09  Drone x2  
  57  7:15  Drone  
  60  7:19  Drone  
  60  7:20  Drone x3  
  64  7:24  Drone  
  64  7:28  Zergling x4  
  67  7:32  Roach Warren  
  67  7:36  Drone x2  
  67  7:40  Baneling x4  
  67  7:43  Drone x3  
  67  7:44  Drone  
  71  7:48  Drone  
  71  7:49  Drone x3  
  75  8:04  Drone  
  75  8:05  Drone x6  
  81  8:11  Overlord  
  81  8:14  Roach x4  
  81  8:18  Overlord  
  81  8:19  Overlord  
  89  8:20  Glial Reconstitution, Overseer  
  89  8:21  Overlord x2  
  89  8:25  Overlord  
  89  8:32  Roach x4  
  97  8:35  Overseer  
  97  8:40  Roach x4  
  104  8:45  Drone x6  
  104  8:46  Drone  
  104  8:48  Overseer  
  111  8:53  Ravager x2, Zergling x4  
  111  8:54  Zergling x6  
  117  9:03  Hatchery  
  117  9:06  Zergling x2  
  117  9:07  Zergling x4  
  117  9:14  Extractor x2, Zerg Melee Weapons Level 2  
  117  9:16  Drone  
  117  9:17  Drone x2  
  118  9:19  Drone x2  
  118  9:20  Drone x2  
  118  9:22  Overlord  
  122  9:27  Overlord  
  122  9:30  Roach x4, Overlord  
  130  9:35  Infestation Pit  
  129  9:43  Centrifical Hooks  
  129  9:44  Overlord  
  129  9:54  Drone x11  
  129  9:56  Baneling x3  
  129  9:57  Baneling  
  140  10:03  Zergling x2  
  140  10:04  Spire  
  140  10:07  Zergling x10  
  145  10:15  Overlord  
  145  10:20  Zergling x6  
  147  10:25  Drone  
  147  10:26  Drone x4  
  147  10:27  Baneling x17  
  147  10:32  Zergling x10  
  152  10:37  Hive  
  152  10:41  Roach  
  152  10:42  Roach x2  
  158  10:43  Extractor  
  158  10:44  Extractor  
  147  10:57  Overlord  
  147  11:01  Roach  
  147  11:02  Roach x10  
  167  11:04  Overlord  
  167  11:12  Baneling x4  
  167  11:17  Zergling x4, Drone x3  
  167  11:18  Zergling x8  
  176  11:19  Baneling  
  176  11:20  Baneling x6  
  176  11:21  Overlord  
  176  11:25  Overlord  
  176  11:30  Ravager  
  176  11:32  Ravager x3  
  180  11:35  Zergling x18  
  189  11:45  Zergling x4  
  191  11:49  Greater Spire  
  189  11:55  Zergling x2  
  189  11:56  Zergling x20  
  189  11:58  Zergling x4  
  189  12:00  Zergling x2  
  199  12:10  Overlord  
  199  12:12  Overlord  
  199  12:14  Baneling x10  
  199  12:15  Baneling x16  
Show
View Real Time Build Order
Export as new Build Order

Cloudy Protoss 

Build Orders: 1 Gate Expand, Oracle Opening 

Get SALT Encoding   

  12  0:01  Probe  
  14  0:14  Probe  
  14  0:21  Pylon  
  14  0:26  Probe  
  15  0:36  Probe  
  15  0:39  Gateway  
  16  0:45  Assimilator, Probe  
  17  0:54  Probe  
  18  1:06  Probe  
  19  1:19  Probe  
  20  1:28  Nexus  
  20  1:38  Cybernetics Core  
  20  1:41  Probe  
  21  1:48  Assimilator  
  21  1:53  Pylon  
  21  1:56  Probe  
  22  2:06  Adept  
  22  2:08  Probe  
  23  2:20  Probe  
  23  2:21  Stargate  
  26  2:26  Warp Gate  
  26  2:30  Stalker  
  26  2:34  Probe  
  27  2:40  Probe  
  30  2:46  Probe  
  31  2:53  Probe, Pylon  
  31  2:55  Oracle  
  32  2:58  Probe  
  36  3:09  Probe  
  36  3:10  Probe  
  38  3:21  Probe  
  38  3:25  Twilight Council  
  39  3:32  Probe  
  40  3:41  Gateway, Robotics Facility  
  40  3:48  Charge  
  40  4:10  Gateway  
  40  4:11  Gateway  
  40  4:12  Gateway  
  40  4:15  Gateway  
  40  4:21  Gateway  
  40  4:23  Pylon, Gateway  
  40  4:24  Pylon  
  40  4:30  Adept  
  40  4:31  Warp Prism  
  42  4:42  Zealot  
  46  4:47  Pylon  
  46  4:49  Pylon  
  46  4:54  Zealot  
  48  5:00  Pylon  
  48  5:03  Pylon  
  48  5:07  Zealot  
  48  5:08  Zealot x2  
  50  5:39  Zealot x4  
  50  5:40  Zealot x4  
  64  6:02  Zealot x8  
  62  6:24  Zealot x8  
  54  6:45  Warp Prism  
  54  6:46  Zealot x7  
  50  7:04  Probe  
  50  7:05  Probe  
  44  7:12  Assimilator  
  44  7:17  Probe x2  
  44  7:18  Forge  
  44  7:21  Assimilator  
  46  7:29  Probe x2, Adept x3  
  54  7:35  Protoss Ground Weapons Level 1  
  54  7:41  Probe x2  
  53  7:53  Probe x2  
  53  7:55  Zealot x2  
  53  7:56  Zealot x2  
  63  8:09  Templar Archives  
  63  8:12  Zealot x3  
  63  8:13  Zealot  
  71  8:21  Probe  
  71  8:22  Probe  
  71  8:45  Nexus  
  71  8:46  Pylon  
  71  9:02  High Templar  
  71  9:03  High Templar x2  
  71  9:04  High Templar  
  71  9:08  Probe x2, Pylon, Archon  
  71  9:09  Archon  
  81  9:21  Probe x2  
  83  9:30  Protoss Ground Weapons Level 2  
  83  9:31  High Templar x2  
  87  9:32  Zealot x2  
  91  9:40  Probe x2  
  93  9:45  Archon  
  93  9:52  Probe x2  
  95  9:53  Assimilator, Immortal  
  95  9:54  Probe  
  96  10:02  Probe  
  96  10:04  Probe x2  
  103  10:16  Probe x2  
  103  10:19  Probe  
  103  10:21  Assimilator  
  106  10:28  High Templar, Probe x2  
  106  10:29  Zealot x5, Sentry, High Templar  
  106  10:31  Immortal  
  124  10:37  Archon  
  126  10:59  Warp Prism  
  126  11:02  High Templar  
  126  11:03  Zealot x4, High Templar  
  132  11:05  Pylon x2  
  132  11:09  Pylon  
  130  11:13  Pylon  
  130  11:15  Pylon  
  130  11:17  Pylon, Archon  
  130  11:19  High Templar  
  130  11:24  High Templar, Photon Cannon  
  130  11:25  Zealot x4  
  142  11:33  Archon  
  142  11:35  Zealot x2  
  146  11:54  Zealot x2  
  148  11:59  Nexus  
  143  12:10  High Templar x3  
  143  12:11  High Templar x2  
  143  12:12  High Templar  
  154  12:18  Archon x2  
  154  12:19  Archon  
  154  12:20  Warp Prism  
  154  12:25  Pylon  
  154  12:26  Pylon  
  92  12:52  Zealot x6  
  92  12:53  Zealot x2  
Tags
 
Add a new tag
Caveats
  • Supply blocks, unpowered buildings, or Contaminate may cause inaccurate times.
  • Supply counts are checked every 10 seconds.